 Dungeon Crawl Stone Soup version 0.20-a0-795-ga03948b (webtiles) character file.

58 Magnus the Gusty (level 4, -1/24 HPs)
             Began as a Tengu Air Elementalist on Mar 1, 2017.
             Slain by yrara's ghost (16 damage)
             ... on level 3 of the Dungeon.
             The game lasted 00:07:31 (2189 turns).

Magnus the Gusty (Tengu Air Elementalist)           Turns: 2189, Time: 00:07:34

Health: -1/24      AC:  3    Str:  8    XL:     4   Next: 2%
Magic:  3/9        EV: 13    Int: 16    God:
Gold:   75         SH:  0    Dex: 15    Spells: 5/8 levels left

rFire    . . .     SeeInvis .   e - +0 short sword
rCold    . . .     Gourm    .   a - +1 robe
rNeg     . . .     Faith    .   (no shield)
rPois    .         Spirit   .   (helmet restricted)
rElec    .         Reflect  .   (no cloak)
rCorr    +         Harm     .   (no gloves)
MR       .....                  (boots unavailable)
Stlth    ++........             (no amulet)
Regen    0.1/turn               (no ring)
MPRegen  0.2/turn               d - ring of resist corrosion

@: very slightly contaminated
A: beak, talons 3
a: no special abilities


You were on level 3 of the Dungeon.
You were not hungry.

You visited 1 branch of the dungeon, and saw 3 of its levels.

You collected 75 gold pieces.

Inventory:

Hand Weapons
 e - a +0 short sword (weapon)
Armour
 a - a +1 robe (worn)
Jewellery
 d - a ring of resist corrosion (left hand)
Scrolls
 g - a scroll of remove curse
 i - a scroll of enchant armour
Potions
 k - a potion of invisibility {unknown}
 o - 3 potions of curing
 p - a potion of agility
Books
 b - a book of Air

   Spells                             Type                      Level
   a - Shock                          Conjuration/Air              1
   b - Swiftness                      Charms/Air                   2
   c - Static Discharge               Conjuration/Air              3
   d - Airstrike                      Air                          4
   e - Lightning Bolt                 Conjuration/Air              5
 h - a book of Conjurations

   Spells                             Type                      Level
   a - Magic Dart                     Conjuration                  1
   b - Searing Ray                    Conjuration                  2
   c - Dazzling Spray                 Conjuration/Hexes            3
   d - Fulminant Prism                Conjuration/Hexes            4
   e - Force Lance                    Conjuration/Translocation    4
   f - Iskenderun's Mystic Blast      Conjuration                  4
Comestibles
 c - 2 bread rations
 f - a meat ration
 j - 2 chunks of flesh


   Skills:
 - Level 2.1 Dodging
 - Level 2.0 Stealth
 + Level 2.7 Spellcasting
 + Level 2.6 Conjurations
 - Level 5.0 Air Magic


You had 5 spell levels left.
You knew the following spells:

 Your Spells              Type           Power        Failure   Level  Hunger
a - Shock                 Conj/Air       ##..         4%          1    #......
b - Searing Ray           Conj           ##....       12%         2    ##.....


Dungeon Overview and Level Annotations

Branches:
Dungeon (3/15)

Altars:
Zin
The Shining One

Annotations:
D:3 yrara's ghost, amateur DsFi


Innate Abilities, Weirdness & Mutations

You have a beak for a mouth.
You have claws for feet.


Message History

Casting: Shock
Confirm with . or Enter, or press ? or * to list all spells.
Aiming: Shock
Press: ? - help, Shift-Dir - straight line The zap hits yrara's ghost.
Yrara's ghost is moderately damaged.
The zap hits yrara's ghost.
Yrara's ghost appears unharmed.
Yrara's ghost is moderately damaged.
Yrara's ghost hits you.
Casting: Shock
Confirm with . or Enter, or press ? or * to list all spells.
Aiming: Shock
Press: ? - help, Shift-Dir - straight line The zap hits yrara's ghost.
Yrara's ghost is moderately damaged.
The zap hits yrara's ghost.
Yrara's ghost appears unharmed.
Yrara's ghost is moderately damaged.
Yrara's ghost hits you!
Ouch! That really hurt!
You die...

#.....#...............
##..........###.####
####)####.......# #.#
######.## #.# #.# #)#
#)# #@# #W# #.#
...W....# #########


You could see yrara's ghost.

Vanquished Creatures
  2 oozes
  2 dart slugs (D:2)
  2 leopard geckos
  4 orcs (D:3)
  5 bats
  3 giant cockroaches
  2 goblins (D:1)
  3 hobgoblins
  4 jackals (D:2)
  6 kobolds
  A frilled lizard (D:1)
  3 rats
37 creatures vanquished.

Notes
Turn   | Place    | Note
-------+----------+-------------------------------------------
     0 | D:1      | Magnus the Tengu Air Elementalist began the quest for the Orb.
     0 | D:1      | Reached XP level 1. HP: 10/10 MP: 4/4
   254 | D:1      | Reached XP level 2. HP: 9/15 MP: 0/6
  1060 | D:2      | Reached XP level 3. HP: 13/19 MP: 2/7
  1732 | D:2      | Found a glowing golden altar of the Shining One.
  1925 | D:3      | Learned a level 2 spell: Searing Ray
  1987 | D:3      | Found a glowing silver altar of Zin.
  2041 | D:3      | Reached skill level 5 in Air Magic
  2128 | D:3      | Reached XP level 4. HP: 24/24 MP: 3/9
  2160 | D:3      | Noticed yrara's ghost (amateur DsFi)
  2189 | D:3      | Slain by yrara's ghost

Vault maps used:
D:1:      dpeg_arrival_central
D:2:      lemuel_coloured_pillars_altar, first_bread
D:3:      lemuel_round_altar, kennysheep_vampire_church,
          grunt_temple_overflow_open, chequers_ecumenical_altar_simple

Skill      XL: |  1  2  3 |
---------------+----------+-----
Conjurations   | 2 |  2.6
Air Magic      | 5 |  5.0
Dodging        | |  2.1
Stealth        | |  2.0
Spellcasting   | |  2.7

Action                   |  1- 3 |  4- 6 || total
-------------------------+-------+-------++-------
Melee: Unarmed           |     7 |       ||     7
       Short sword       |    13 |       ||    13
       Peck              |     2 |       ||     2
       Kick              |     1 |       ||     1
 Cast: Shock             |    85 |     6 ||    91
  Use: Scroll            |     6 |       ||     6
  Eat: Chunk             |     5 |       ||     5
Armor: Robe              |    10 |       ||    10
Dodge: Dodged            |    23 |     1 ||    24
